 Dungeon Crawl Stone Soup version 0.25-a0-731-g0472a16d6a (webtiles) character file.

Game seed: 14271357496505390962, levelgen mode: deterministic

1901 kae the Grappler (level 8, 0/59 HPs)
             Began as a Red Draconian Transmuter on Apr 8, 2020.
             Was a Follower of Wu Jian.
             Slain by a lava snake (1 damage)
             ... on level 7 of the Dungeon.
             The game lasted 00:06:39 (8125 turns).

kae the Grappler (Red Draconian Transmuter)         Turns: 8125, Time: 00:06:40

Health: 0/59       AC:  2    Str: 14    XL:     8   Next: 94%
Magic:  23/25      EV: 19    Int: 13    God:    Wu Jian [*.....]
Gold:   384        SH:  0    Dex: 18    Spells: 12/18 levels left

rFire    + . .     SeeInvis +     - Unarmed
rCold    . . .     Gourm    .   (shield currently unavailable)
rNeg     . . .     Faith    .   (armour unavailable)
rPois    x         Spirit   .   (helmet currently unavailable)
rElec    .         Reflect  .   (cloak currently unavailable)
rCorr    .         Harm     .   (gloves currently unavailable)
MR       +....                  (boots currently unavailable)
Stlth    ++........             (no amulet)
HPRegen  0.19/turn              m - ring "Cifyewew" {rF+ MR+ MP+9 SInv}
MPRegen  0.19/turn              (no ring)

@: about to teleport, spider-form
A: tiny, (breathe fire), unfitting armour, AC +6
a: End Transformation, Renounce Religion


You were on level 7 of the Dungeon.
You worshipped Wu Jian.
Wu Jian was aware of your devotion.
You were near starving.
You were a venomous arachnid creature.
You visited 2 branches of the dungeon, and saw 8 of its levels.

You collected 384 gold pieces.

Inventory:

Hand Weapons
 e - a +2 short sword of flaming
 l - a +1 whip of venom (melded)
Missiles
 a - 84 arrows
Armour
 h - a +1 pair of boots (melded)
 s - a +1 pair of gloves (melded)
Jewellery
 f - an uncursed amulet of rage
 m - the ring "Cifyewew" (left front leg) {rF+ MR+ MP+9 SInv}
   (You found it on level 4 of the Dungeon)

   [ring of see invisible]

   It protects you from fire.
   It affects your resistance to hostile enchantments.
   It affects your magic capacity (+9).
   It lets you see invisible.
 v - a +3 ring of intelligence {unknown}
Wands
 k - a wand of flame (28)
 n - a wand of iceblast (15)
 w - a wand of acid (4)
Scrolls
 b - 5 scrolls of identify
 d - a scroll of magic mapping
 j - 3 scrolls of fog
 r - 4 scrolls of remove curse
 u - a scroll of enchant weapon
 x - a scroll of enchant armour
Potions
 g - 2 potions of flight
 i - 3 potions of lignification
 p - 2 potions of ambrosia
 q - a potion of stabbing
 t - a potion of mutation
Comestibles
 c - 20 rations


   Skills:
 - Level 1.1 Fighting
 - Level 1.7 Dodging
 * Level 8.9 Unarmed Combat
 + Level 5.5 Spellcasting
 + Level 6.0 Transmutations


You had 12 spell levels left.
You knew the following spells:

 Your Spells              Type           Power        Failure   Level  Hunger
a - Beastly Appendage     Tmut           ###...       7%          1    None
b - Sticks to Snakes      Tmut           ###.....     9%          2    ##.....
c - Spider Form           Tmut/Pois      ##........   34%         3    ###....

Your spell library contained the following spells:

 Spells                   Type           Power        Failure   Level  Hunger
 Blade Hands              Tmut           ###.......   61%         5    ######.
 Ice Form                 Ice/Tmut       ##......     67%         4    ####...


Dungeon Overview and Level Annotations

Branches:
Dungeon (7/15)             Temple (1/1) D:7

Altars:
Cheibriados
Dithmenos
Elyvilon
Fedhas
Gozag
Hepliaklqana
Kikubaaqudgha
Makhleb
Nemelex Xobeh
Okawaru
Qazlal
Ru
Sif Muna
Trog
Uskayaw
Vehumet
Wu Jian
Xom
Yredelemnul
Zin
The Shining One

Shops:
D:5 *

Annotations:
D:6 3 runed translucent doors, liluieth's ghost, novice GnWn
D:7 Maggie


Innate Abilities, Weirdness & Mutations

((You can breathe blasts of fire.))
((Your fiery red scales are hard. (AC +6)))
You cannot fit into any form of body armour.
((Your flesh is heat resistant. (rF+)))
((You are cold-blooded and may be slowed by cold attacks.))


Message History

You hit the big kobold.
The big kobold looks as sick as possible!
The big kobold is severely wounded.
The lava snake spits lava at you. The glob of lava hits you!
You partially resist.
You hit the big kobold.
The big kobold looks as sick as possible!
The big kobold is severely wounded.
The big kobold hits you. The lava snake misses you.
You are too injured to fight recklessly!
You are too injured to fight recklessly!
As you read the scroll of teleportation, it crumbles to dust.
You feel strangely unstable.
You kill the big kobold!
The Council accepts your kill.
The cyclops throws a large rock.
The large rock hits you!!!
Ouch! That really hurt!
* * * LOW HITPOINT WARNING * * *
The lava snake bites you.
You die...

####.....#.## #........
# ####.######≈§§≈≈≈§≈§
##.##.##.
####..####.##≈≈≈≈§≈§≈≈ ≈
##......
##....#...##≈≈≈§§§≈≈≈ ≈≈
##.....
#....##..##≈≈≈§≈§§≈≈≈≈≈≈
##....
.....#...#≈≈≈≈§§≈≈≈≈≈≈≈§
#....
.<.......#≈§§§≈§§≈§§§≈≈
#[.##
..#...<..#≈§§≈≈≈S#C.#§≈≈
#...#
###..###.§.§§§.(s(≈≈%≈≈≈
#....
#.....##.'........≈≈!≈≈≈
#..##
.......###≈§≈≈≈≈≈#..#§≈≈
#...#
...##...##§§§≈≈§§≈§≈≈≈§§
#....
...##....#≈≈≈≈≈§§≈§§≈≈§§
#....
.#..##.####≈≈§≈≈≈≈§≈≈≈§§
##....
....##..####§§§≈§≈≈≈≈§≈≈
#.....
...........##≈≈≈≈§§≈§§§§
###.....
.##.##......##≈≈ ≈≈
##.##....


You could see a cyclops and a lava snake.

Vanquished Creatures
  Sigmund (D:4)
  A steam dragon (D:7)
  A phantom (D:7)
  3 ogres (D:7)
  A big kobold (D:7)
  2 bullfrogs (D:6)
  A crimson imp (D:6)
  A bullfrog zombie (D:5)
  A quasit (D:7)
  A bullfrog skeleton (D:7)
  4 orc wizards
  4 hounds
  2 orc priests
  2 centaur skeletons
  An iguana (D:5)
  4 worker ants
  A hound skeleton (D:4)
  A howler monkey zombie (D:2)
  2 worker ant zombies
  A howler monkey skeleton (D:3)
  6 gnolls
  16 adders
  An ooze (D:2)
  2 adder skeletons (D:4)
  5 worms
  3 dart slugs
  5 leopard geckos
  23 orcs
  8 bats
  9 giant cockroaches
  9 goblins
  6 hobgoblins
  3 jackals (D:3)
  11 kobolds
  4 quokkas
  A ball python (D:3)
  6 frilled lizards
  A quokka zombie (D:4)
  9 rats
163 creatures vanquished.

Vanquished Creatures (collateral kills)
  A phantom (D:5)
1 creature vanquished.

Grand Total: 164 creatures vanquished

Notes
Turn   | Place    | Note
-------+----------+-------------------------------------------
     0 | D:1      | kae the Draconian Transmuter began the quest for the Orb.
     0 | D:1      | Reached XP level 1. HP: 16/16 MP: 3/3
   212 | D:1      | Reached XP level 2. HP: 22/23 MP: 3/5
   492 | D:1      | Learned a level 2 spell: Sticks to Snakes
   771 | D:1      | Reached XP level 3. HP: 24/28 MP: 6/6
   776 | D:1      | Learned a level 3 spell: Spider Form
  1080 | D:2      | Reached skill level 4 in Unarmed Combat
  1332 | D:2      | Reached XP level 4. HP: 35/35 MP: 5/7
  2067 | D:2      | Reached XP level 5. HP: 40/40 MP: 7/9
  2658 | D:3      | Reached skill level 5 in Unarmed Combat
  2908 | D:3      | Found a stormy altar of Qazlal.
  3221 | D:3      | Reached XP level 6. HP: 47/47 MP: 6/10
  3535 | D:3      | Found a bloodstained altar of Trog.
  4190 | D:4      | Found an ornate altar of the Wu Jian Council.
  4191 | D:4      | Found a glowing silver altar of Zin.
  4192 | D:4      | Found an opulent altar of Gozag.
  4193 | D:4      | Found a shimmering blue altar of Sif Muna.
  4210 | D:4      | Became a worshipper of the Wu Jian Council
  4248 | D:4      | Got a pitted bone ring
  4413 | D:4      | Found a hazy altar of Hepliaklqana.
  4719 | D:4      | Reached skill level 6 in Unarmed Combat
  4764 | D:4      | Noticed Sigmund
  4802 | D:4      | Killed Sigmund
  4802 | D:4      | Your scales start taking on a fiery red colour.
  4802 | D:4      | Reached XP level 7. HP: 26/52 MP: 9/13
  4802 | D:4      | Gained mutation: Your flesh is heat resistant. (rF+) [Red
                  | Draconian growth]
  5150 | D:5      | Entered Level 5 of the Dungeon
  5196 | D:5      | Found a blossoming altar of Fedhas.
  5542 | D:5      | Found Feargh's General Store.
  5721 | D:5      | Reached skill level 7 in Unarmed Combat
  5922 | D:6      | Identified the ring "Cifyewew" {rF+ MR+ MP+9 SInv} (You
                  | found it on level 4 of the Dungeon)
  5994 | D:6      | Reached XP level 8. HP: 44/59 MP: 14/14
  6216 | D:6      | Found a runed translucent gate.
  6216 | D:6      | Found a runed translucent gate.
  6216 | D:6      | Found a runed translucent gate.
  6235 | D:6      | Noticed liluieth's ghost (novice GnWn)
  6287 | D:6      | Reached skill level 5 in Transmutations
  6405 | D:6      | Reached * piety under Wu Jian
  6746 | D:6      | Found a snail-covered altar of Cheibriados.
  7066 | D:7      | Noticed a +0 hand axe
  7067 | D:7      | Noticed a +0 dagger
  7097 | D:7      | Found a hide-covered altar of Uskayaw.
  7123 | D:7      | Noticed Maggie
  7134 | D:7      | Found a white marble altar of Elyvilon.
  7188 | D:7      | Found a sacrificial altar of Ru.
  7333 | D:7      | Reached skill level 8 in Unarmed Combat
  7333 | D:7      | Reached skill level 5 in Spellcasting
  7450 | D:7      | Found a staircase to the Ecumenical Temple.
  7618 | Temple   | Entered the Ecumenical Temple
  8118 | D:7      | Noticed a cyclops
  8125 | D:7      | HP: 1/59 [cyclops/large rock (37)]
  8125 | D:7      | Slain by a lava snake

Levels and vault maps discovered:
D:1:      ncdulo_wetmaze, layout_loops_ring
D:2:      layout_loops_corners
D:3:      minmay_spotlight, layout_basic, nicolae_qazlal_general_emergency,
          first_ration, trog_hazing_becter
D:4:      layout_cave_pods, overflow_temple_1_default,
          chequers_temple_overflow_statue_of_worship, minivault_24, uniq_sigmund
D:5:      layout_basic, fedhas_altar_fruit_tree, serial_shops, shop
D:6:      layout_loops_ring, gammafunk_ghost_icy, cheibrodos_worm_habitat
D:7:      kennysheep_big_flooded_room, layout_cave_pools,
          nicolae_ru_sacrificial_ziggurat, dancing_weapons_uskayaw,
          overflow_temple_1_default, minmay_temple_entry_glassed_door,
          grunt_ogre_cave, minmay_starry_boxes, uniq_maggie
Temple:   jpeg_temple_clearing

Skill      XL: |  1  2  3  4  5  6  7  8 |
---------------+-------------------------+-----
Unarmed Combat | 4 5 6 7 8 |  8.9
Transmutations | 3 4 6 |  6.0
Spellcasting   | 3 4 5 |  5.5
Fighting       | |  1.1
Dodging        | |  1.7

Action                   |  1- 3 |  4- 6 |  7- 9 || total
-------------------------+-------+-------+-------++-------
Melee: Unarmed           |    15 |   100 |    80 ||   195
       Short sword       |    92 |   165 |    42 ||   299
       Kick              |     3 |       |       ||     3
       Headbutt          |     9 |     9 |       ||    18
       Tailslap          |     7 |    16 |    20 ||    43
       Punch             |       |     1 |     6 ||     7
       Whip              |       |       |   114 ||   114
 Cast: Beastly Appendage |    17 |    12 |       ||    29
       Sticks to Snakes  |     3 |       |     5 ||     8
       Spider Form       |       |    17 |    13 ||    30
Invok: Lunge             |       |     1 |    13 ||    14
       Whirlwind         |       |       |     1 ||     1
 Abil: Breathe Fire      |       |       |     4 ||     4
  Use: Potion            |     2 |       |       ||     2
       Scroll            |     3 |     4 |     7 ||    14
 Stab: Distracted        |     1 |       |     1 ||     2
       Sleeping          |       |       |     1 ||     1
  Eat: Chunk             |     2 |    13 |    12 ||    27
Armor: Skin              |    31 |    81 |    98 ||   210
Dodge: Dodged            |    65 |   232 |   169 ||   466

Table legend:
 A = Non-vault XP
 B = Vault XP
 C = Vault XP percentage of total XP
 D = Non-vault monster count
 E = Vault monster count
 F = Vault count percentage of total count
                 A         B        C        D         E       F
            +---------+---------+-------+---------+---------+-------
      Total |    2018 |     699 |  25.7 |     148 |      16 |   9.8
            +---------+---------+-------+---------+---------+-------
        D:1 |      43 |       0 |   0.0 |      24 |       0 |   0.0
        D:2 |     217 |       0 |   0.0 |      32 |       0 |   0.0
        D:3 |     153 |      88 |  36.5 |      32 |      10 |  23.8
        D:4 |     218 |     231 |  51.4 |      13 |       1 |   7.1
        D:5 |     364 |       0 |   0.0 |      19 |       0 |   0.0
        D:6 |     369 |       5 |   1.3 |      16 |       1 |   5.9
        D:7 |     654 |     375 |  36.4 |      12 |       4 |  25.0
            +---------+---------+-------+---------+---------+-------
